 Dungeon Crawl Stone Soup version 0.31-a0-236-g9a0961fb85 (webtiles) character file.

Game seed: 11244612202473663318

50 qw the Shooter (level 3, 0/21 HPs)
             Began as a Gargoyle Hexslinger on July 10, 2023.
             Slain by a gnoll
             ... wielding a +0 halberd
              (7 damage)
             ... on level 2 of the Dungeon.
             The game lasted 00:00:33 (1069 turns).

qw the Shooter (Gargoyle Hexslinger)                Turns: 1069, Time: 00:00:33

Health: 0/21       AC:  6    Str: 11    XL:     3   Next: 79%
Magic:  4/4        EV: 12    Int: 13    God:
Gold:   126        SH:  0    Dex: 14    Spells: 3/4 levels left

rFire   . . .        Y - +1 sling
rCold   . . .        (no shield)
rNeg    + . .        c - +0 robe
rPois   inf          (no helmet)
rElec   +            (no cloak)
rCorr   .            (no gloves)
SInv    .            e - +0 pair of boots
Will    .....        (no amulet)
Stlth   +            (no ring)
HPRegen 0.23/turn    (no ring)
MPRegen 0.09/turn

%: no passive effects
@: no status effects
A: sickness immunity, AC +3, negative energy resistance 1, electricity
resistance, torment resistance 1, petrification resistance
a: no special abilities


You were on level 2 of the Dungeon.
You visited 1 branch of the dungeon, and saw 2 of its levels.

You collected 126 gold pieces.


Innate Abilities, Weirdness & Mutations

You are immune to sickness and miasma.
Your stone body is resilient. (AC +3)
You are immune to poison.
You resist negative energy. (rN+)
You are resistant to electric shocks. (rElec)
You are resistant to unholy torment.
You are immune to petrification.


   Skills:
 - Level 2.0 Fighting
 + Level 3.6 Ranged Weapons
 - Level 1.5 Dodging
 - Level 1.0 Spellcasting
 - Level 2.6 Hexes


You had 3 spell levels left.
You knew the following spells:

 Your Spells              Type           Power      Damage    Failure   Level
a - Slow                  Hex            28%        N/A       10%         1

Your spell library contained the following spells:

 Spells                   Type           Power      Damage    Failure   Level
 Inner Flame              Hex/Fire       4%         N/A       43%         3
 Portal Projectile        Hex/Tloc       8%         N/A       43%         3
 Cause Fear               Hex            3%         N/A       67%         4

Inventory:

Hand Weapons
 Y - a +1 sling (weapon)
Armour
 a - a +0 ring mail
 c - a +0 robe (worn)
 e - a +0 pair of boots (worn)
Potions
 b - a potion of berserk rage {unknown}
 d - 2 potions of curing {unknown}

Dungeon Overview and Level Annotations

Branches:
Dungeon (2/15)

Altars:

Shops:
D:1 [


Message History

Enter note:
Enter note:
Enter note:
Enter note:
Enter note: You shoot a sling bullet.
The sling bullet hits the gnoll!
The gnoll shouts!
The gnoll is heavily wounded.
You shoot a sling bullet. The gnoll shouts!
The sling bullet hits the gnoll but does no damage.
The gnoll is heavily wounded.
A gnoll comes into view. It is wielding a +0 halberd.
You shoot a sling bullet.
The sling bullet barely misses the gnoll.
The gnoll shouts!
You shoot a sling bullet.
The sling bullet closely misses the gnoll.
You shoot a sling bullet.
The sling bullet hits the gnoll but does no damage.
The gnoll is heavily wounded.
The gnoll closely misses you.
You shoot a sling bullet.
The sling bullet closely misses the gnoll.
You shoot a sling bullet. The sling bullet hits the gnoll.
The gnoll is severely wounded.
The gnoll hits you with a +0 flail. The gnoll misses you.
You shoot a sling bullet. The sling bullet hits the gnoll.
The gnoll is almost dead.
The gnoll hits you from afar with a +0 halberd!
The gnoll misses you. The gnoll completely misses you.
You shoot a sling bullet.
The sling bullet hits the gnoll but does no damage.
The gnoll is almost dead.
The gnoll barely misses you. x2; The gnoll hits you with a +0 whip.
You shoot a sling bullet. The sling bullet hits the gnoll.
You kill the gnoll!
The gnoll misses you.
The gnoll hits you from afar with a +0 halberd!
You die...

######.#### #####
#.# #... #.# #.##
#.# #.# #.# #.#
#.# #.# #.# #.#
#####.##### #.#
#)@.......######.#
#g#######.##.....#
#g #%##.##### #.
#)##.# #. #....#
#= #.#### #. #.#
#. #.# ..#


You could see 2 gnolls.

Vanquished Creatures
  A gnoll (D:2)
  An adder (D:2)
  4 ball pythons
  4 bats
  5 endoplasms
  2 giant cockroaches
  A goblin (D:2)
  4 hobgoblins
  3 jackals (D:1)
  3 quokkas
  4 frilled lizards
  3 kobolds
  5 rats
40 creatures vanquished.

Notes
Turn   | Place    | Note
-------+----------+-------------------------------------------
     0 | D:1      | qw the Gargoyle Hexslinger began the quest for the Orb.
     0 | D:1      | Reached XP level 1. HP: 12/12 MP: 2/2
     0 | D:1      | 0 ||| qw: Version: 0.3-a-52-g30416fa
     0 | D:1      | 0 ||| qw: Game counter: 4736
     0 | D:1      | 0 ||| qw: Melee chars always use a shield: true
     0 | D:1      | 0 ||| qw: God list: Okawaru
     0 | D:1      | 0 ||| qw: Allow faded altars: false
     0 | D:1      | 0 ||| qw: Do Orc after clearing Dungeon:15 true
     0 | D:1      | 0 ||| qw: Do second Lair branch before Depths: true
     0 | D:1      | 0 ||| qw: Lair rune preference: random
     0 | D:1      | 0 ||| qw: Goals: Normal
     0 | D:1      | 0 ||| PLANNING D:1-11
    21 | D:1      | Found Xefudy's Armour Shoppe.
    56 | D:1      | 56 ||| SHOPLISTING +0 leather armour (24 gold, have 6).
    56 | D:1      | 56 ||| SHOPLISTING +2 robe of positive energy (176 gold,
                  | have 6).
    56 | D:1      | 56 ||| SHOPLISTING +3 leather armour of poison resistance
                  | (252 gold, have 6).
    66 | D:1      | Reached XP level 2. HP: 16/16 MP: 3/3
   158 | D:1      | Reached skill level 3 in Ranged Weapons
   558 | D:1      | 558 ||| UPGRADING to +0 pair of boots.
   563 | D:1      | 563 ||| READING scroll labelled JISKIT OMOOGHI.
   564 | D:1      | 564 ||| READING scroll labelled JIUXU ARINE.
   565 | D:1      | 565 ||| READING scroll labelled NEOGIACEGA.
   570 | D:1      | 570 ||| READING scroll labelled GOGAYN XAXETAU.
   583 | D:1      | 583 ||| DROPPING scroll of poison.
   624 | D:2      | Reached XP level 3. HP: 21/21 MP: 4/4
  1069 | D:2      | Slain by a gnoll

Levels and vault maps discovered:
D:1:      psy_arrival_conway, layout_rooms, serial_shops, shop
D:2:      layout_loops_ring, minmay_pentomino_r2

Skill      XL: |  1  2 |
---------------+-------+-----
Ranged Weapons | 3 |  3.6
Fighting       | 2 |  2.0
Dodging        | |  1.5
Spellcasting   | |  1.0
Hexes          | |  2.6

Action                     || total
---------------------------++-------
   Fire: Sling             ||   122
    Use: Scroll            ||     4
 Armour: Robe              ||    18
  Dodge: Dodged            ||    45

Table legend:
 A = Non-vault XP
 B = Vault XP
 C = Vault XP percentage of total XP
 D = Non-vault monster count
 E = Vault monster count
 F = Vault count percentage of total count
                 A         B        C        D         E       F
            +---------+---------+-------+---------+---------+-------
      Total |      83 |       3 |   3.5 |      38 |       2 |   5.0
            +---------+---------+-------+---------+---------+-------
        D:1 |      31 |       0 |   0.0 |      19 |       0 |   0.0
        D:2 |      52 |       3 |   5.5 |      19 |       2 |   9.5
            +---------+---------+-------+---------+---------+-------
